 Dungeon Crawl Stone Soup version 0.31.0-32-g396128a36d (webtiles) character file.

Game seed: 12779965965783619719

26 hawla the Slasher (level 2, -4/26 HPs)
             Began as a Minotaur Gladiator on Apr 12, 2024.
             Slain by Terence
             ... wielding a +0 trident
              (9 damage)
             ... on level 2 of the Dungeon.
             The game lasted 00:01:55 (789 turns).

hawla the Slasher (Minotaur Gladiator)               Turns: 789, Time: 00:01:55

Health: -4/26      AC:  8    Str: 18    XL:     2   Next: 89%
Magic:  1/1        EV:  8    Int:  5    God:
Gold:   49         SH:  0    Dex: 11    Spells: 1/1 levels left

rFire   . . .        a - +0 long sword
rCold   . . .        (no shield)
rNeg    . . .        i - +0 chain mail
rPois   .            c - +0 hat
rElec   .            (no cloak)
rCorr   .            (no gloves)
SInv    .            (no boots)
Will    .....        (no amulet) Stlth
                     (no ring)
HPRegen 0.24/turn    (no ring)
MPRegen 0.07/turn

%: no passive effects
@: no status effects
A: horns 2, retaliatory headbutt
a: no special abilities


You were on level 2 of the Dungeon.
You visited 1 branch of the dungeon, and saw 2 of its levels.

You collected 49 gold pieces.

Inventory:

Hand Weapons
 a - a +0 long sword (weapon)
Missiles
 d - 3 throwing nets (quivered)
 e - a javelin
 j - 2 datura-tipped darts
Armour
 c - a +0 hat (worn)
 i - a +0 chain mail (worn)
Scrolls
 b - a scroll of fear {unknown}
 f - a scroll of teleportation {unknown}
 g - 2 scrolls of identify {unknown}
 h - a scroll of butterflies {unknown}


   Skills:
 - Level 3.0 Fighting
 + Level 0.7(2.2) Short Blades
 - Level 3.6(3.7) Long Blades
 + Level 2.2 Throwing
 + Level 0.7 Armour
 + Level 3.4 Dodging
 - Level 1.0 Stealth


You had one spell level left.
You didn't know any spells.
Your spell library was empty.

Dungeon Overview and Level Annotations

Branches:
Dungeon (2/15)

Altars:

Annotations:
D:2 Terence


Innate Abilities, Weirdness & Mutations

You have a pair of horns on your head.
You reflexively headbutt those who attack you in melee.


Message History

The goblin misses you. You furiously retaliate!
You headbutt the goblin!
You kill the goblin!
Terence the Incautious comes into view.
He is wielding a +0 trident.
The rat bites you.
Things that are here:
a +0 dagger; a goblin corpse You hit the goblin.
The goblin is moderately wounded.
The rat bites you but does no damage. The goblin hits you with a +0 club.
You closely miss the goblin.
The goblin is moderately wounded.
The rat barely misses you. The goblin hits you with a +0 club.
You barely miss the goblin. You headbutt the goblin.
The goblin is severely wounded.
The rat bites you but does no damage. The goblin barely misses you.
You slash the goblin!
You kill the goblin!
The rat bites you but does no damage.
Terence hits you from afar with a +0 trident.
The rat barely misses you. Terence says, "Did you write a will?
You should..."
Terence hits you from afar with a +0 trident.
You barely miss the rat. You headbutt the rat, but do no damage.
The rat barely misses you.
Terence hits you from afar with a +0 trident!
You are too injured to fight recklessly!
You are too injured to fight recklessly!
The rat bites you but does no damage.
Terence hits you from afar with a +0 trident.
* * * LOW HITPOINT WARNING * * *
You see here a +0 club.
You closely miss the rat. The rat completely misses you.
You furiously retaliate!
You headbutt the rat!
You kill the rat!
Terence barely misses you.
You aren't carrying any potions.
Terence closely misses you.
You barely miss Terence. Terence hits you with a +0 trident!
You die...
Terence says, "That felt goooood."

#..# .#
#..####.#
#........
#.......#
#.....? #
###....#
#.#..@...#
###.#.#@####.##
#....>))......#
#.#.#.#$#######
.##.###.#.#
..........#
.##.###.###
#.##############
#......##......#
##
######.........#
#.


You could see Terence.

Vanquished Creatures
  An adder (D:2)
  An endoplasm (D:1)
  3 goblins
  3 hobgoblins
  A bat (D:1)
  3 frilled lizards
  2 kobolds
  4 rats
18 creatures vanquished.

Notes
Turn   | Place    | Note
-------+----------+-------------------------------------------
     0 | D:1      | hawla the Minotaur Gladiator began the quest for the Orb.
     0 | D:1      | Reached XP level 1. HP: 18/18 MP: 0/0
   154 | D:1      | Reached skill level 1 in Stealth
   189 | D:1      | Reached XP level 2. HP: 21/25 MP: 1/1
   779 | D:2      | Noticed Terence
   789 | D:2      | Slain by Terence

Illustrated notes

Levels and vault maps discovered:
D:1:      minmay_arrival_hallway, layout_loops_cross
D:2:      layout_basic, uniq_terence, uniq_jessica

Skill      XL: |  1  2 |
---------------+-------+-----
Stealth        | 1 |  1.0
Fighting       | 3 |  3.0
Short Blades   | |  0.7
Long Blades    | |  3.6
Throwing       | |  2.2
Armour         | |  0.7
Dodging        | |  3.4

Action                     || total
---------------------------++-------
  Melee: Long sword        ||    43
         Headbutt          ||     6
 Armour: Leather armour    ||    10
         Chain mail        ||    23
  Dodge: Dodged            ||    34
